 Dungeon Crawl Stone Soup version 0.23.2-1-ga50397a6bc (webtiles) character file.

Game seed: 8851298664921002120

611 MachJacob the Purveyor of Pain (level 7, 0/56 HPs)
             Began as a Hill Orc Necromancer on Apr 29, 2019.
             Was an Initiate of Kikubaaqudgha.
             Slain by Prince Ribbit (17 damage)
             ... on level 6 of the Dungeon.
             The game lasted 00:23:31 (6636 turns).

MachJacob the Purveyor of Pain (HONe)               Turns: 6636, Time: 00:23:32

Health: 0/56       AC:  6    Str: 11    XL:     7   Next: 43%
Magic:  1/14       EV: 12    Int: 17    God:    Kikubaaqudgha [......]
Gold:   362        SH:  0    Dex: 14    Spells: 10/15 levels left

rFire    . . .     SeeInvis .   C - +1 spear
rCold    . . .     Gourm    .   (no shield)
rNeg     . . .     Faith    .   a - +0 robe
rPois    +         Spirit   .   f - +0 helmet
rElec    .         Reflect  .   (no cloak)
rCorr    .         Harm     .   v - +2 pair of gloves {Dex+3}
MR       .....                  (no boots)
Stlth    ++........             (no amulet)
HPRegen  0.18/turn              x - ring of poison resistance
MPRegen  0.14/turn              (no ring)

@: no status effects
A: no striking features
a: Renounce Religion


You were on level 6 of the Dungeon.
You worshipped Kikubaaqudgha.
Kikubaaqudgha was noncommittal.
You were not hungry.

You visited 1 branch of the dungeon, and saw 6 of its levels.

You collected 362 gold pieces.

Inventory:

Hand Weapons
 e - a +0 dagger
 C - a +1 spear (weapon)
Missiles
 b - 234 stones (quivered)
Armour
 a - a +0 robe (worn)
 f - a +0 helmet (worn)
 v - a +2 pair of gloves of dexterity (worn)
Jewellery
 x - a ring of poison resistance (left hand)
Wands
 w - a wand of clouds (8)
 D - a wand of disintegration (6)
Scrolls
 d - a scroll of magic mapping
 g - 2 scrolls of amnesia
 i - a scroll of fog
 l - 3 scrolls of remove curse
 n - 2 scrolls of enchant weapon
 o - a scroll of blinking {unknown}
 s - 7 scrolls of immolation
 y - a scroll of teleportation
Potions
 k - 3 potions of brilliance
 m - 2 potions of lignification
 p - a potion of resistance {unknown}
 q - a potion of agility
 r - a potion of curing
 t - a potion of heal wounds {unknown}
 u - 2 potions of magic
 z - a potion of mutation {unknown}
 A - a potion of haste {unknown}
Comestibles
 c - 7 rations


   Skills:
 + Level 2.5 Fighting
 - Level 1.5 Dodging
 - Level 1.5 Stealth
 * Level 4.8 Spellcasting
 + Level 5.8 Necromancy


You had 10 spell levels left.
You knew the following spells:

 Your Spells              Type           Power        Failure   Level  Hunger
a - Pain                  Necr           ###.         1%          1    None
b - Animate Skeleton      Necr           N/A          1%          1    None
c - Vampiric Draining     Necr           ###.......   4%          3    ###....

Your spell library contained the following spells:

 Spells                   Type           Power        Failure   Level  Hunger
 Regeneration             Chrm/Necr      ##........   13%         3    ###....
 Animate Dead             Necr           N/A          13%         4    ####...


Dungeon Overview and Level Annotations

Branches:
Dungeon (6/15)
 Temple: D:4-7

Altars:
Elyvilon
Gozag
Hepliaklqana
Kikubaaqudgha
Nemelex Xobeh
Uskayaw
Yredelemnul
Zin
The Shining One

Annotations:
D:2 1 runed translucent door, Crazy Yiuf
D:5 Eustachio, Menkaure
D:6 Grinder, Prince Ribbit


Message History

Casting: Pain (safe; 1% risk of failure)
Confirm with . or Enter, or press ? or * to list all spells.
Aiming: Pain (safe; 1% risk of failure)
Press: ? - help, Shift-Dir - straight line, f/p - Prince Ribbit
Aim: Prince Ribbit (severely wounded, chance to defeat MR: 69%) Prince Ribbit writhes in agony.
Prince Ribbit mumbles some strange words.
Prince Ribbit looks slightly unstable.
Prince Ribbit blinks!
Attack whom?
Press: ? - help, Dir - move target cursor, f/p - Prince Ribbit
Aim: Prince Ribbit (severely wounded)
You reach to attack!
You hit Prince Ribbit.
Prince Ribbit is severely wounded.
Evoke which item? (* to show all) (? for menu, Esc to quit)
Aiming: Disintegrate
Press: ? - help, Shift-Dir - straight line, f/p - Prince Ribbit
Aim: Prince Ribbit (severely wounded, chance to defeat MR: 48%) Prince Ribbit resists with some effort.
Prince Ribbit hits you!
You die...
Kikubaaqudgha rasps: "You have failed me!
Welcome... death!"

#.# #.# ####..#.# #
#.# #.# ##..#.# #.#
#.# #.....# #.# #.#
#...####### #.#
#)#######....(.....
#.#
#.(.......#.#######
#.#######.###.####.#
#........(# #.####.#
#########.# #.F@§†.#
#..(..###### #####


You could see Prince Ribbit.

Vanquished Creatures
  An ice beast (D:6)
  A black bear (D:6)
  A centaur (D:6)
  A scorpion (D:4)
  A howler monkey (D:4)
  A jelly (D:6)
  A hound (D:2)
  An orc wizard (D:3)
  A worker ant (D:4)
  4 adders
  A river rat (D:5)
  2 worms
  4 dart slugs
  6 leopard geckos
  4 orcs (D:3)
  4 giant cockroaches
  6 goblins (D:2)
  6 hobgoblins
  6 jackals
  2 quokkas
  11 bats
  2 frilled lizards (D:3)
  13 kobolds
  9 rats
89 creatures vanquished.

Vanquished Creatures (collateral kills)
  An adder (D:3)
  A kobold (D:2)
2 creatures vanquished.

Vanquished Creatures (others)
  A giant cockroach (D:2)
  A goblin (D:3)
2 creatures vanquished.

Grand Total: 93 creatures vanquished

Notes
Turn   | Place    | Note
-------+----------+-------------------------------------------
     0 | D:1      | MachJacob the Hill Orc Necromancer began the quest for the
                  | Orb.
     0 | D:1      | Reached XP level 1. HP: 14/14 MP: 3/3
    58 | D:1      | Learned a level 1 spell: Animate Skeleton
   395 | D:1      | Reached XP level 2. HP: 16/20 MP: 0/5
  1109 | D:1      | Reached XP level 3. HP: 24/26 MP: 2/6
  2402 | D:2      | Reached XP level 4. HP: 30/33 MP: 3/8
  3129 | D:2      | Found a runed translucent door.
  3130 | D:2      | Noticed Crazy Yiuf
  3227 | D:2      | Found a glowing silver altar of Zin.
  3227 | D:2      | Found a hide-covered altar of Uskayaw.
  3692 | D:3      | Found a white marble altar of Elyvilon.
  3708 | D:3      | Found an ancient bone altar of Kikubaaqudgha.
  3717 | D:3      | Reached XP level 5. HP: 38/38 MP: 6/9
  4020 | D:3      | Became a worshipper of Kikubaaqudgha
  4185 | D:3      | Reached skill level 5 in Necromancy
  4279 | D:3      | Found a basalt altar of Yredelemnul.
  4283 | D:3      | Noticed a profane servitor
  4346 | D:3      | Found a glowing golden altar of the Shining One.
  4789 | D:3      | Found an opulent altar of Gozag.
  4790 | D:3      | Found a sparkling altar of Nemelex Xobeh.
  4851 | D:3      | Noticed an angel
  4970 | D:4      | Reached XP level 6. HP: 40/45 MP: 3/11
  5338 | D:4      | Learned a level 3 spell: Vampiric Draining
  5633 | D:4      | Found a hazy altar of Hepliaklqana.
  5679 | D:5      | Entered Level 5 of the Dungeon
  5700 | D:5      | Noticed Eustachio
  5753 | D:5      | Noticed Menkaure
  5776 | D:5      | Noticed a sky beast
  6002 | D:6      | Noticed an ice beast
  6021 | D:6      | Killed an ice beast
  6021 | D:6      | Reached skill level 1 in Fighting
  6099 | D:6      | Noticed a black bear
  6122 | D:6      | Reached XP level 7. HP: 20/53 MP: 9/13
  6583 | D:6      | Noticed Grinder
  6604 | D:6      | Noticed Prince Ribbit
  6636 | D:6      | Slain by Prince Ribbit

Skill      XL: |  1  2  3  4  5  6  7 |
---------------+----------------------+-----
Spellcasting   | 2 3 4 |  4.8
Necromancy     | 5 |  5.8
Fighting       | 1 2 |  2.5
Dodging        | |  1.5
Stealth        | |  1.5

Action                   |  1- 3 |  4- 6 |  7- 9 || total
-------------------------+-------+-------+-------++-------
Melee: Dagger            |     8 |     7 |       ||    15
       Spear             |       |    21 |     5 ||    26
Throw: Stone             |    16 |    14 |     1 ||    31
 Cast: Pain              |    74 |   114 |    21 ||   209
       Animate Skeleton  |     2 |     1 |     1 ||     4
       Vampiric Draining |       |       |     1 ||     1
Evoke: Wand              |       |       |     1 ||     1
  Use: Scroll            |     2 |     7 |     4 ||    13
       Potion            |       |     2 |       ||     2
  Eat: Chunk             |     5 |    10 |       ||    15
       Ration            |       |       |     1 ||     1
Armor: Robe              |     8 |    25 |     3 ||    36
Dodge: Dodged            |    23 |    60 |    12 ||    95
